[Event "Titled Tuesday Blitz July 11 Late 2023"]
[White "Garmendiarov"]
[Black "Khouri, Ahmed Abbas"]
[BlackFideId "9301518"]
[WhiteElo "2348"]
[BlackElo "2142"]
[Result "1/2-1/2"]
[Round "4"]
[TimeControl "180+2"]
[Date "2023.07.11"]
[WhiteClock "0:00:06"]
[BlackClock "0:00:05"]
[Board "164"]

1. e4 d5 2. exd5 Qxd5 3. Nc3 Qd6 4. d4 Nf6 5. Nf3 Bg4 6. Be2 Nbd7 7. O-O c6 8. h3 Bh5 9. Re1 e6 10. Bg5 Be7 11. Qd2 O-O 12. Bf4 Qb4 13. a3 Qa5 14. b4 Qd8 15. Rab1 a5 16. bxa5 Bxa3 17. Rxb7 Rxa5 18. Nb1 Be7 19. Nc3 Qa8 20. Reb1 Rd8 21. Bc7 Rc8 22. Bxa5 Qxa5 23. g4 Bg6 24. g5 Nd5 25. Rxd7 Qxc3 26. Qxc3 Nxc3 27. Rbb7 Nxe2+ 28. Kf1 Nxd4 29. Nxd4 Bf8 30. Nf3 Bxc2 31. Ne5 c5 32. Nxf7 c4 33. Rbc7 Bd3+ 34. Ke1 Rb8 35. Rb7 Ra8 36. Ra7 Rb8 37. Rdb7 Rc8 38. Ne5 c3 39. Nxd3 c2 40. Nc1 Bd6 41. Rd7 Bf4 42. Rac7 Rxc7 43. Rxc7 Bxc7 44. Kd2 Kf7 45. Kxc2 Kg6 46. h4 Kh5 47. Nd3 Kxh4 48. Nc5 Be5 49. Nxe6 Kg4 50. Kd3 Kf5 51. Nf8 Kxg5 52. Nxh7+ Kh6 53. Nf8 g5 54. Ke4 Bf4 55. Kf5 Kh5 56. Ne6 Bd2 57. f3 Kh4 58. Nf8 Kg3 59. Ke4 Kh4 60. Ng6+ Kh5 61. Ne5 Kh6 62. Ng4+ Kh5 63. Ne5 Kh4 64. Ng6+ Kg3 65. Ne7 Bf4 66. Nf5+ Kf2 67. Nh6 Kg3 68. Nf7 Kf2 69. Nh6 Kg3 70. Nf5+ Kf2 71. Nh6 1/2-1/2


[Site "https://www.chess.com"]

[Event "Titled Tuesday Blitz July 11 Late 2023"]
[White "Gazola, Vanessa Ramos"]
[Black "Schuster, Karsten"]
[WhiteFideId "2112590"]
[BlackFideId "4611071"]
[WhiteElo "2079"]
[BlackElo "2334"]
[Result "0-1"]
[Round "4"]
[TimeControl "180+2"]
[Date "2023.07.11"]
[WhiteClock "0:01:50"]
[BlackClock "0:02:13"]
[Board "165"]

1. d4 d5 2. c4 e6 3. Nc3 Nf6 4. cxd5 exd5 5. Bg5 Be7 6. e3 c6 7. Bd3 O-O 8. Qc2 Nbd7 9. Nge2 Re8 10. O-O Nf8 11. Rab1 Ne4 12. Bxe7 Qxe7 13. Bxe4 dxe4 14. d5 f5 15. dxc6 bxc6 16. Na4 Ba6 17. Nc5 Bxe2 18. Qxe2 Qxc5 19. Rbc1 Qb6 20. b3 Kh8 21. Qh5 g6 22. Qg5 Qd8 23. Qf4 Qf6 24. h4 Rac8 25. Rc5 Ne6 0-1


[Site "https://www.chess.com"]

[Event "Titled Tuesday Blitz July 11 Late 2023"]
[White "Fominykh, Maria"]
[Black "Vlassov, Nikolai"]
[WhiteFideId "4142411"]
[BlackFideId "4103360"]
[WhiteElo "2238"]
[BlackElo "2569"]
[Result "0-1"]
[Round "4"]
[TimeControl "180+2"]
[Date "2023.07.11"]
[WhiteClock "0:00:00"]
[BlackClock "0:00:10"]
[Board "166"]

1. d4 Nf6 2. c4 Nc6 3. Nf3 e6 4. e3 Bb4+ 5. Bd2 a5 6. Bd3 d6 7. O-O e5 8. d5 Ne7 9. e4 O-O 10. Bxb4 axb4 11. Nbd2 c6 12. Qb3 c5 13. a3 bxa3 14. Rxa3 Rxa3 15. Qxa3 Ng6 16. g3 Ne8 17. b4 b6 18. bxc5 bxc5 19. Ra1 f5 20. Qa5 Qf6 21. Be2 h5 22. h4 f4 23. Kg2 Bg4 24. Qc3 Qd8 25. Ra7 Qb6 26. Ra2 Nf6 27. Rb2 Qa6 28. Qd3 Qc8 29. Ng5 Nh7 30. Nxh7 Kxh7 31. Nf3 Bxf3+ 32. Qxf3 Kg8 33. Qxh5 Rf6 34. Bg4 fxg3 35. Bxc8 Nf4+ 36. Kxg3 Nxh5+ 37. Kg4 g6 38. Be6+ Kg7 39. Rb7+ Kh6 40. Rb2 Rf4+ 41. Kh3 Rxe4 42. f3 Rxc4 43. Rb6 Nf4+ 44. Kg3 Rc2 45. Bh3 c4 46. Rxd6 Rd2 47. Rc6 Rd4 48. d6 c3 49. d7 Rd2 0-1


[Site "https://www.chess.com"]

[Event "Titled Tuesday Blitz July 11 Late 2023"]
[White "Domingo Nunez, Ruben"]
[Black "Thiel, Thomas"]
[WhiteFideId "22245570"]
[BlackFideId "4615964"]
[WhiteElo "2543"]
[BlackElo "2213"]
[Result "1-0"]
[Round "4"]
[TimeControl "180+2"]
[Date "2023.07.11"]
[WhiteClock "0:00:06"]
[BlackClock "0:00:10"]
[Board "167"]

1. e4 d5 2. exd5 Nf6 3. Bb5+ Nbd7 4. Nf3 Nxd5 5. O-O c6 6. Be2 g6 7. d4 Bg7 8. c4 Nc7 9. Nc3 O-O 10. Bg5 Nf6 11. h3 h6 12. Be3 Bf5 13. Qb3 Qd6 14. Ne5 b5 15. c5 Qe6 16. Qxe6 Bxe6 17. Nxc6 Rfe8 18. Bf3 Nfd5 19. Rac1 a6 20. a3 Rac8 21. Nb4 Nxb4 22. axb4 Red8 23. Rfd1 Bb3 24. Rd2 Nd5 25. Nxd5 Bxd5 26. Bg4 e6 27. Ra1 Rc6 28. Be2 g5 29. Ra3 f5 30. f4 gxf4 31. Bxf4 Be4 32. Be3 Rd7 33. Rd1 Bc2 34. Rda1 Bxd4 35. Bxd4 Rxd4 36. Rxa6 Rxa6 37. Rxa6 Be4 38. c6 Rd2 39. Ra8+ Kf7 40. c7 1-0


[Site "https://www.chess.com"]

[Event "Titled Tuesday Blitz July 11 Late 2023"]
[White "WindWhistler11"]
[Black "Osmonbekov, Talaibek"]
[BlackFideId "2017253"]
[WhiteElo "2480"]
[BlackElo "2204"]
[Result "1-0"]
[Round "4"]
[TimeControl "180+2"]
[Date "2023.07.11"]
[WhiteClock "0:00:06"]
[BlackClock "0:00:00"]
[Board "168"]

1. e4 c5 2. Nf3 d6 3. Bc4 e6 4. c3 Nf6 5. O-O Nxe4 6. Bxe6 Bxe6 7. Qa4+ Nc6 8. Qxe4 Be7 9. d4 d5 10. Qe3 cxd4 11. Nxd4 Nxd4 12. Qxd4 O-O 13. Bf4 a6 14. Be5 f6 15. Bg3 Rc8 16. Re1 Bf7 17. Nd2 Bc5 18. Qg4 d4 19. Ne4 dxc3 20. Rad1 Qb6 21. bxc3 Rcd8 22. Rb1 Qc6 23. Nxc5 Qxc5 24. Rxb7 Qxc3 25. Reb1 Qc4 26. Bf4 g5 27. g3 Bg6 28. Rc7 Qxa2 29. Rbb7 Qa1+ 30. Bc1 Rf7 31. Rxf7 Qxc1+ 32. Kg2 Bxf7 33. Kh3 Qc8 34. Qxc8 Rxc8 35. Ra7 Rc6 36. Kg2 Kg7 37. h4 1-0


[Site "https://www.chess.com"]

[Event "Titled Tuesday Blitz July 11 Late 2023"]
[White "Reprintsev, Alexander"]
[Black "UgarteCesar"]
[WhiteFideId "14100541"]
[WhiteElo "2474"]
[BlackElo "2199"]
[Result "1-0"]
[Round "4"]
[TimeControl "180+2"]
[Date "2023.07.11"]
[WhiteClock "0:01:54"]
[BlackClock "0:00:00"]
[Board "169"]

1. e4 c5 2. b3 d6 3. Bb2 e5 4. f4 Nc6 5. Qf3 Nf6 6. Bb5 Qe7 7. Nc3 Bg4 8. Qe3 Bd7 9. O-O-O Nd4 10. Bxd7+ Qxd7 11. Nf3 Ng4 12. Qg1 f6 13. h3 Nh6 14. Nxd4 cxd4 15. Nd5 O-O-O 16. c3 dxc3 17. dxc3 Kb8 18. f5 Nf7 19. g4 Rc8 20. Kb1 Be7 21. h4 h6 22. c4 Nd8 23. g5 hxg5 24. hxg5 Nc6 25. gxf6 gxf6 26. Rxh8 Rxh8 27. Qg7 Rh2 28. Nxf6 Qd8 29. Nd5 Re2 30. f6 Bf8 31. Qg4 Rf2 32. Rh1 a6 33. Rh8 Nd4 34. Bxd4 exd4 35. Qg7 Rf1+ 36. Kc2 Rf2+ 37. Kd1 1-0


[Site "https://www.chess.com"]

[Event "Titled Tuesday Blitz July 11 Late 2023"]
[White "Bouget, Alexandre"]
[Black "Hon, Eric"]
[WhiteFideId "681318"]
[BlackFideId "2097117"]
[WhiteElo "2403"]
[BlackElo "2196"]
[Result "1-0"]
[Round "4"]
[TimeControl "180+2"]
[Date "2023.07.11"]
[WhiteClock "0:00:21"]
[BlackClock "0:00:03"]
[Board "170"]

1. d4 Nf6 2. c4 c5 3. d5 b5 4. cxb5 a6 5. f3 g6 6. e4 d6 7. Nc3 Bg7 8. bxa6 O-O 9. Nh3 Bxh3 10. gxh3 Nxa6 11. Be2 Nd7 12. O-O Qa5 13. Bd2 Rfb8 14. Qc2 Nb4 15. Qc1 Qb6 16. a3 Na6 17. Bb5 Ne5 18. f4 Nc7 19. Be2 Nd7 20. Rb1 Qa7 21. Bg4 Nb6 22. Be2 Na4 23. Bc4 Nxc3 24. Bxc3 Nb5 25. Bxg7 Kxg7 26. Bxb5 Rxb5 27. Qc3+ f6 28. e5 Qa5 29. exf6+ exf6 30. Qe3 Ra7 31. Qe8 Rbb7 32. Rfe1 Qb6 33. Re6 Rf7 34. Qc6 Qxc6 35. dxc6 Rac7 36. Rxd6 Rfe7 37. b4 Re3 38. b5 1-0


[Site "https://www.chess.com"]

[Event "Titled Tuesday Blitz July 11 Late 2023"]
[White "Oliveira, Tiago Batista"]
[Black "Khairat , Ahmed"]
[WhiteFideId "2108291"]
[BlackFideId "10624171"]
[WhiteElo "2151"]
[BlackElo "2397"]
[Result "1-0"]
[Round "4"]
[TimeControl "180+2"]
[Date "2023.07.11"]
[WhiteClock "0:00:05"]
[BlackClock "0:00:34"]
[Board "171"]

1. d4 e5 2. dxe5 f6 3. Nf3 Nc6 4. e4 Bb4+ 5. Bd2 Qe7 6. Bc4 Nxe5 7. Nxe5 fxe5 8. O-O Nf6 9. Nc3 d6 10. Bg5 c6 11. Qf3 Be6 12. Bxf6 gxf6 13. Qh5+ Kd7 14. Bb3 Rag8 15. Rad1 Rg5 16. Qh4 Rhg8 17. g3 h5 18. f3 Kc7 19. Ne2 f5 20. Bxe6 Qxe6 21. exf5 Qxf5 22. Qxb4 R8g6 23. Qa5+ Kd7 24. Qxa7 h4 25. Qxb7+ Kd8 26. Qxc6 hxg3 27. Rxd6+ Rxd6 28. Qxd6+ Ke8 29. hxg3 Qxc2 30. Rf2 Qxb2 31. Qe6+ Kf8 32. Qf6+ Ke8 33. Qxg5 Qb1+ 34. Kg2 Qxa2 35. Qxe5+ Kf7 36. Nf4 Qb1 37. Qc7+ Kf6 38. Rc2 Qa1 39. Qd6+ Kf5 40. Rc5+ 1-0


[Site "https://www.chess.com"]

[Event "Titled Tuesday Blitz July 11 Late 2023"]
[White "Gertler, David"]
[Black "Cardenas Carbajal, Nilson"]
[WhiteFideId "2017377"]
[BlackFideId "8401128"]
[WhiteElo "2396"]
[BlackElo "2150"]
[Result "1-0"]
[Round "4"]
[TimeControl "180+2"]
[Date "2023.07.11"]
[WhiteClock "0:00:23"]
[BlackClock "0:00:16"]
[Board "172"]

1. e4 c5 2. c3 d5 3. exd5 Nf6 4. Bb5+ Bd7 5. Bxd7+ Qxd7 6. c4 e6 7. Qe2 Be7 8. dxe6 fxe6 9. Nf3 Nc6 10. O-O O-O 11. Nc3 Rae8 12. d3 Bd6 13. Bg5 Qf7 14. Bxf6 gxf6 15. Ne4 Be7 16. Rfd1 Kh8 17. d4 f5 18. Nxc5 Bxc5 19. dxc5 e5 20. Rd5 e4 21. Nd4 Ne5 22. b3 Rg8 23. Kh1 Rg7 24. Rd1 Qg6 25. Qf1 Reg8 26. Rxe5 Qh5 27. Rxf5 Qh4 28. g3 Qg4 29. Rf4 Qh5 30. Ne6 Rg6 31. Rd5 Qh6 32. Nd4 Qg7 33. Nf5 Qf7 34. Nh6 1-0


[Site "https://www.chess.com"]

[Event "Titled Tuesday Blitz July 11 Late 2023"]
[White "Carrasco Miranda, Andres"]
[Black "deloewre"]
[WhiteFideId "3405990"]
[WhiteElo "2394"]
[BlackElo "2121"]
[Result "1-0"]
[Round "4"]
[TimeControl "180+2"]
[Date "2023.07.11"]
[WhiteClock "0:00:15"]
[BlackClock "0:00:00"]
[Board "173"]

1. d4 Nf6 2. c4 g6 3. g3 Bg7 4. Bg2 O-O 5. Nc3 d6 6. Nf3 Nc6 7. O-O a6 8. Bf4 Rb8 9. Rc1 Bd7 10. h3 b5 11. c5 dxc5 12. dxc5 Qc8 13. Kh2 Re8 14. Qc2 e5 15. Bg5 Nd4 16. Nxd4 exd4 17. Bxf6 Bxf6 18. Nd5 Bg7 19. c6 Bf5 20. Qc5 Qd8 21. e4 dxe3 22. Nxe3 Bd4 23. Qa3 Bxe3 24. fxe3 Qg5 25. Rf4 Qe7 26. Qxe7 Rxe7 27. e4 Be6 28. a3 Rd8 29. Rf2 Ree8 30. h4 Rd3 31. Re1 Red8 32. Ree2 h5 33. Bh3 Bxh3 34. Kxh3 R8d6 35. Rc2 Re3 36. Rf4 Rdd3 37. Rg2 Rb3 38. Kh2 Kf8 39. g4 Ke7 40. gxh5 gxh5 41. Rg5 Re2+ 42. Rg2 Rxg2+ 43. Kxg2 Rxb2+ 44. Kf1 Rb3 45. Rf5 Rxa3 46. Rxh5 b4 47. Rd5 a5 48. Kg2 b3 49. h5 a4 50. h6 1-0


[Site "https://www.chess.com"]

[Event "Titled Tuesday Blitz July 11 Late 2023"]
[White "Winkels, Marcel"]
[Black "Prieto Aranguren, Alain"]
[WhiteFideId "1003887"]
[BlackFideId "2268906"]
[WhiteElo "2115"]
[BlackElo "2390"]
[Result "0-1"]
[Round "4"]
[TimeControl "180+2"]
[Date "2023.07.11"]
[WhiteClock "0:00:00"]
[BlackClock "0:00:41"]
[Board "174"]

1. e4 c5 2. Nf3 Nc6 3. d4 cxd4 4. Nxd4 Nf6 5. Nc3 g6 6. Nxc6 bxc6 7. e5 Nd5 8. f4 Nxc3 9. bxc3 Bg7 10. Bd2 O-O 11. Bc4 d6 12. exd6 exd6 13. O-O d5 14. Bd3 c5 15. Rb1 Qd6 16. Qf3 Bd7 17. f5 Bc6 18. f6 d4 19. Qf4 Qxf4 20. Bxf4 Bxf6 21. Bd6 Kg7 22. Bxf8+ Rxf8 23. c4 Bg5 24. Rbe1 h5 25. Be4 Ba4 26. Rb1 Re8 27. Bd5 Re7 28. Rb2 Bd2 29. Rb8 Be3+ 30. Kh1 Bxc2 31. Rc8 d3 32. Rd8 d2 33. Bf3 Bd4 0-1


[Site "https://www.chess.com"]

[Event "Titled Tuesday Blitz July 11 Late 2023"]
[White "Kanyamarala, Trisha"]
[Black "campochess"]
[WhiteFideId "45004722"]
[WhiteElo "2388"]
[BlackElo "2111"]
[Result "1-0"]
[Round "4"]
[TimeControl "180+2"]
[Date "2023.07.11"]
[WhiteClock "0:00:25"]
[BlackClock "0:00:00"]
[Board "175"]

1. d4 Nf6 2. c4 c5 3. d5 b5 4. cxb5 a6 5. b6 d6 6. Nc3 Nbd7 7. Nf3 Nxb6 8. g3 g6 9. Bg2 Bg7 10. O-O O-O 11. a4 Rb8 12. Nd2 Ng4 13. a5 Na8 14. Nc4 Bd7 15. h3 Nh6 16. Bf4 Kh8 17. Qd2 Ng8 18. e4 Bb5 19. b3 Bxc4 20. bxc4 Rb4 21. Ra4 Qc7 22. Rxb4 cxb4 23. Ne2 Qxa5 24. Nd4 Qc5 25. Nc6 a5 26. Rc1 Nb6 27. Be3 Nxc4 28. Qd3 Nb2 29. Qe2 Qxc1+ 30. Bxc1 Na4 31. Nxa5 Nc3 32. Qc4 f5 33. exf5 Rxf5 34. Be3 b3 35. Qxb3 Ne2+ 36. Kh2 Nd4 37. Qd3 e5 38. dxe6 Nxe6 39. Nb7 Nc5 40. Qxd6 Nb3 41. Qd3 Na1 42. Nd6 Rf8 43. Bd5 Nf6 44. Nf7+ Kg8 45. Ng5+ Kh8 46. Ne6 1-0


[Site "https://www.chess.com"]

[Event "Titled Tuesday Blitz July 11 Late 2023"]
[White "ArturoCaceres"]
[Black "Hartikainen, Jarmo"]
[BlackFideId "503134"]
[WhiteElo "2353"]
[BlackElo "2108"]
[Result "1-0"]
[Round "4"]
[TimeControl "180+2"]
[Date "2023.07.11"]
[WhiteClock "0:00:43"]
[BlackClock "0:00:00"]
[Board "176"]

1. e4 c5 2. Nf3 Nc6 3. Bc4 e6 4. O-O d5 5. exd5 exd5 6. Bb5 Nf6 7. Re1+ Be7 8. Qe2 Bg4 9. h3 Bh5 10. d4 Bxf3 11. Qxf3 O-O 12. dxc5 Bxc5 13. Bf1 Qb6 14. Nc3 Nd4 15. Qd3 Nb3 16. axb3 Bxf2+ 17. Kh1 Bxe1 18. Be3 d4 19. Bxd4 1-0


[Site "https://www.chess.com"]

[Event "Titled Tuesday Blitz July 11 Late 2023"]
[White "Elaisaz"]
[Black "Semenova, Alina"]
[BlackFideId "24113875"]
[WhiteElo "2312"]
[BlackElo "2054"]
[Result "0-1"]
[Round "4"]
[TimeControl "180+2"]
[Date "2023.07.11"]
[WhiteClock "0:00:00"]
[BlackClock "0:00:03"]
[Board "177"]

1. Nf3 Nf6 2. g3 g6 3. Bg2 Bg7 4. O-O O-O 5. c4 d6 6. Nc3 Nc6 7. d4 Bf5 8. Re1 Qd7 9. e4 Bh3 10. Bf4 Bxg2 11. Kxg2 Nh5 12. Bg5 h6 13. Be3 a6 14. h3 e5 15. dxe5 Nxe5 16. Nxe5 Bxe5 17. f4 Bg7 18. c5 Qc6 19. cxd6 cxd6 20. Rc1 Bxc3 21. Rxc3 Qxe4+ 22. Qf3 Qxf3+ 23. Kxf3 Rac8 24. Rd3 Rc6 25. Red1 Rd8 26. g4 Nf6 27. f5 g5 28. h4 Nh7 29. hxg5 Nxg5+ 30. Bxg5 hxg5 31. Rd5 Kg7 32. Rh1 Rc2 33. Rh5 Rxb2 34. f6+ Kxf6 35. Rf5+ Ke6 36. Rh6+ Ke7 37. Rh7 Rf8 38. Rxg5 Rxa2 39. Rf5 b5 40. g5 Ke6 41. Rf6+ Ke7 42. Rf4 Ra4 43. g6 Rxf4+ 44. Kxf4 Kf6 45. g7 Rg8 46. Rh6+ Kxg7 47. Rxd6 Ra8 48. Rb6 f6 49. Kf5 a5 50. Rxb5 a4 51. Rb2 a3 52. Ra2 Kf7 53. Kf4 Ra4+ 54. Kf5 Ra5+ 55. Kf4 Ke6 56. Ke4 Ra4+ 57. Kd3 f5 58. Re2+ Kd5 59. Ra2 f4 60. Kc3 Ke4 61. Kb3 Ra6 62. Re2+ Kf3 63. Ra2 Ke3 64. Ra1 f3 65. Ka2 f2 66. Rb1 Ra7 67. Rb3+ Ke2 0-1


[Site "https://www.chess.com"]

[Event "Titled Tuesday Blitz July 11 Late 2023"]
[White "Blackwhite017"]
[Black "The_Straightforward_Rook"]
[WhiteElo "2005"]
[BlackElo "2311"]
[Result "0-1"]
[Round "4"]
[TimeControl "180+2"]
[Date "2023.07.11"]
[WhiteClock "0:00:33"]
[BlackClock "0:01:26"]
[Board "178"]

1. e4 e5 2. Nf3 Nc6 3. Bb5 Nf6 4. O-O Nxe4 5. Re1 Nd6 6. Bxc6 dxc6 7. Nxe5 Be7 8. d4 O-O 9. c3 Nf5 10. Nd2 c5 11. Ndf3 cxd4 12. cxd4 Be6 13. Be3 h6 14. Qc2 c6 15. h3 Qd5 16. b3 Rfd8 17. Rac1 a5 18. Red1 a4 19. Nc4 Qb5 20. bxa4 Qxa4 21. Nb6 Qxc2 22. Rxc2 Ra6 23. Nc4 Nxe3 24. fxe3 Rda8 25. Rb1 Bf5 26. Rxb7 Bxc2 27. Rxe7 Rxa2 28. Nce5 R2a7 29. Nxc6 Rxe7 30. Nxe7+ Kf8 31. Nd5 Be4 32. Nf4 Ra2 33. h4 Ke7 34. d5 Kd6 35. Ne1 Bxd5 36. Nxd5 Kxd5 37. Nf3 Ke4 38. Kh2 Kxe3 39. Kg3 Ra6 40. Nh2 Rg6+ 41. Kh3 h5 42. Nf3 Ra6 43. Nh2 Kf2 44. Nf3 Ra3 45. Kh2 Rxf3 46. gxf3 Kxf3 0-1


[Site "https://www.chess.com"]

[Event "Titled Tuesday Blitz July 11 Late 2023"]
[White "Da Matta, Eduardo Cesar"]
[Black "Lutz, Igor Oscar"]
[WhiteFideId "2193108"]
[BlackFideId "2110806"]
[WhiteElo "2300"]
[BlackElo "1982"]
[Result "1-0"]
[Round "4"]
[TimeControl "180+2"]
[Date "2023.07.11"]
[WhiteClock "0:00:44"]
[BlackClock "0:00:00"]
[Board "179"]

1. d4 d5 2. c4 c6 3. cxd5 cxd5 4. Nc3 Nf6 5. Nf3 Nc6 6. e3 Bf5 7. Ne5 Rc8 8. Bb5 a6 9. Bd3 Bxd3 10. Qxd3 e6 11. O-O Nxe5 12. dxe5 Nd7 13. f4 Bc5 14. Ne2 Ba7 15. Nd4 Nc5 16. Qa3 Ne4 17. Nf3 Qe7 18. Qa4+ Qd7 19. Qa3 Bc5 20. Qd3 O-O 21. Nd2 Nxd2 22. Bxd2 Ba7 23. Bc3 Rc7 24. Rad1 Rfc8 25. f5 b5 26. f6 g6 27. Kh1 Bc5 28. e4 b4 29. Be1 d4 30. Bf2 Rd8 31. h4 Qc6 32. Rc1 Qb5 33. Rfd1 Qxd3 34. Rxd3 Bb6 35. Rxc7 Bxc7 36. Rxd4 Rxd4 37. Bxd4 Kf8 38. Kg1 Ke8 39. Kf1 Kd7 40. Ke2 Kc6 41. Kd3 Kb5 42. b3 a5 43. Ke3 a4 44. Kf4 axb3 45. axb3 Kc6 46. Kg5 Bb6 47. Bb2 Be3+ 48. Kg4 Kc5 49. Kf3 Bd4 50. Bc1 Bc3 51. Kf4 Kd4 52. Be3+ Kd3 53. Bc5 Kc2 54. Kg5 Kxb3 55. Kh6 Kc4 56. Bxb4 Bxb4 57. Kxh7 Bf8 58. Kg8 Bc5 59. Kxf7 Kd4 60. Kxe6 Kxe4 61. f7 Kf4 62. Kf6 Bf8 63. e6 1-0


[Site "https://www.chess.com"]

[Event "Titled Tuesday Blitz July 11 Late 2023"]
[White "Manon-og, Ramon Jr."]
[Black "Curtis, John"]
[WhiteFideId "5200776"]
[BlackFideId "3200256"]
[WhiteElo "2296"]
[BlackElo "1980"]
[Result "0-1"]
[Round "4"]
[TimeControl "180+2"]
[Date "2023.07.11"]
[WhiteClock "0:00:20"]
[BlackClock "0:00:18"]
[Board "180"]

1. e4 c5 2. Nf3 d6 3. Bb5+ Nc6 4. Bxc6+ bxc6 5. c4 e5 6. O-O f5 7. d3 Be7 8. h3 Nf6 9. Bg5 Rb8 10. b3 fxe4 11. Bxf6 exf3 12. Bxe7 Qxe7 13. Qxf3 Bd7 14. Nc3 Rf8 15. Qh5+ g6 16. Qh6 Bf5 17. Rad1 Kd7 18. f4 exf4 19. Rxf4 Rf7 20. Rf2 Rbf8 21. Re2 Qf6 22. Ne4 Bxe4 23. dxe4 Qe5 24. Qe3 Kc7 25. b4 Re7 26. Qa3 Kb8 27. Kh1 Ka8 28. bxc5 Qxc5 29. Qa6 Rb8 30. Rf1 Qb6 31. Qa3 Qc5 32. Qxc5 dxc5 33. e5 Rbe8 34. Rfe1 Re6 35. Kh2 Kb7 36. Kg3 Rf8 37. Re3 Rf5 38. Kh4 Rf4+ 39. g4 Rxc4 40. Kg5 Rd4 41. h4 c4 42. h5 c5 43. h6 Kc6 44. Rf1 Kd5 45. Rf7 Rxe5+ 46. Rxe5+ Kxe5 47. Rxh7 Rd1 48. Re7+ Kd6 49. Re2 Rh1 50. Kxg6 Kd5 51. Rd2+ Ke4 52. g5 c3 53. Rg2 Kd3 54. h7 c2 55. Rxc2 Kxc2 56. Kg7 c4 57. h8=Q Rxh8 58. Kxh8 c3 59. g6 Kb2 60. g7 c2 61. g8=Q c1=Q 62. Qb3+ Ka1 63. Kg7 Qb2+ 64. Qxb2+ Kxb2 65. a4 a5 66. Kf6 Kb3 67. Ke5 Kxa4 68. Kd4 Kb3 69. Kd3 a4 70. Kd2 Kb2 71. Kd3 a3 72. Kc4 a2 73. Kb4 a1=Q 0-1


[Site "https://www.chess.com"]

[Event "Titled Tuesday Blitz July 11 Late 2023"]
[White "Funderburg, John T"]
[Black "Hoffmann, Asa"]
[WhiteFideId "2004992"]
[BlackFideId "2001470"]
[WhiteElo "1966"]
[BlackElo "2291"]
[Result "1-0"]
[Round "4"]
[TimeControl "180+2"]
[Date "2023.07.11"]
[WhiteClock "0:00:09"]
[BlackClock "0:00:00"]
[Board "182"]

1. d4 Nf6 2. Nf3 d6 3. e3 c6 4. c4 Bg4 5. Be2 Nbd7 6. Nc3 e5 7. Qc2 Be7 8. O-O O-O 9. h3 Bh5 10. Rd1 a6 11. dxe5 dxe5 12. Nxe5 Bg6 13. Nxg6 hxg6 14. b3 Qc7 15. Bb2 Bd6 16. Bf3 Ne5 17. Be2 Rad8 18. Ne4 Nxe4 19. Qxe4 Rfe8 20. Qh4 Be7 21. Qg3 Bf6 22. Kf1 Qa5 23. f4 Nd7 24. Bxf6 Nxf6 25. Bd3 Qc3 26. Rac1 Qb2 27. Rc2 Qa3 28. Rcd2 Qc5 29. e4 Qh5 30. e5 Nd7 31. Be2 Qf5 32. Bg4 Qe4 33. Rxd7 Rxd7 34. Rxd7 Qb1+ 35. Kf2 Qxa2+ 36. Kg1 b5 37. Qd3 1-0


[Site "https://www.chess.com"]

[Event "Titled Tuesday Blitz July 11 Late 2023"]
[White "Filgueiras, Nathan Felipe"]
[Black "Quirke, Jeffrey"]
[WhiteFideId "2188562"]
[BlackFideId "2013029"]
[WhiteElo "1895"]
[BlackElo "2244"]
[Result "0-1"]
[Round "4"]
[TimeControl "180+2"]
[Date "2023.07.11"]
[WhiteClock "0:02:09"]
[BlackClock "0:01:22"]
[Board "183"]

1. e4 c5 2. Nf3 g6 3. c4 Bg7 4. d4 Qb6 5. Nc3 cxd4 6. Nd5 Qa5+ 7. Bd2 Qd8 8. Bb4 Nc6 9. Ba3 d6 10. c5 dxc5 11. Bxc5 e6 12. Nf4 Qa5+ 13. b4 Nxb4 14. Bxb4 Qxb4+ 15. Qd2 Qxd2+ 16. Kxd2 Ne7 17. Kd3 Nc6 18. Rc1 Bd7 19. Be2 O-O 20. Kd2 Rfc8 21. Bb5 a6 22. Bxc6 Bxc6 23. Kd3 e5 24. Ne2 Bb5+ 0-1


[Site "https://www.chess.com"]

[Event "Titled Tuesday Blitz July 11 Late 2023"]
[White "Gyulamiryan-koryun"]
[Black "Alexikov, Alexander"]
[BlackFideId "14103958"]
[WhiteElo "1856"]
[BlackElo "2242"]
[Result "1-0"]
[Round "4"]
[TimeControl "180+2"]
[Date "2023.07.11"]
[WhiteClock "0:00:44"]
[BlackClock "0:00:00"]
[Board "184"]

1. e4 c5 2. Be2 d6 3. f4 g6 4. Nf3 Bg7 5. c3 Nf6 6. d3 O-O 7. O-O c4 8. Nbd2 cxd3 9. Bxd3 Na6 10. Nb3 Qc7 11. h3 Nc5 12. Nxc5 Qxc5+ 13. Kh2 b5 14. Qe2 b4 15. Be3 Qa5 16. c4 Bb7 17. Bd2 Qc5 18. Rac1 a5 19. b3 Rfc8 20. Be3 Qc7 21. Bf2 Nd7 22. Bd4 e5 23. Ba1 exf4 24. Bxg7 Kxg7 25. Nd4 Ne5 26. Bb1 Qc5 27. Rcd1 Re8 28. Rxf4 Re7 29. Qf2 Rae8 30. Kg1 1-0


[Site "https://www.chess.com"]

[Event "Titled Tuesday Blitz July 11 Late 2023"]
[White "Munoz Misselis, Nelson Carlos"]
[Black "Sarkar, Justin"]
[WhiteFideId "6601790"]
[BlackFideId "2010011"]
[WhiteElo "1757"]
[BlackElo "2238"]
[Result "0-1"]
[Round "4"]
[TimeControl "180+2"]
[Date "2023.07.11"]
[WhiteClock "0:00:00"]
[BlackClock "0:00:02"]
[Board "185"]

1. d4 e6 2. c4 f5 3. Nc3 Nf6 4. g3 d5 5. cxd5 exd5 6. Bg2 c6 7. e3 Be7 8. Nf3 O-O 9. Ne5 Nbd7 10. f4 Ne4 11. O-O Nxe5 12. fxe5 Be6 13. Ne2 g5 14. Bd2 Qe8 15. a3 Kg7 16. Rc1 a5 17. Nc3 h5 18. Nxe4 dxe4 19. Qe1 a4 20. Bb4 Rh8 21. Bxe7 Qxe7 22. Qb4 Qxb4 23. axb4 h4 24. Rc5 h3 25. Bh1 Rhd8 26. Ra1 Bb3 27. Rc3 g4 28. Kf2 Ra6 29. Ke1 Rb6 30. Kd2 Rxb4 31. Ra3 Bd5 32. Kc1 Ra8 33. Rc2 Ra6 34. Rf2 Kg6 35. Rf4 Rc4+ 36. Rc3 a3 37. Rxc4 a2 38. Rc3 a1=Q+ 39. Kd2 Qxb2+ 40. Rc2 Qb4+ 41. Ke2 Ra3 42. Kf2 Qb3 43. Rxf5 Qxc2+ 44. Kg1 Ra1+ 0-1


[Site "https://www.chess.com"]

[Event "Titled Tuesday Blitz July 11 Late 2023"]
[White "Carlsen, Magnus"]
[Black "Chigaev, Maksim"]
[WhiteFideId "1503014"]
[BlackFideId "4108116"]
[WhiteElo "3287"]
[BlackElo "2956"]
[Result "1/2-1/2"]
[Round "5"]
[TimeControl "180+2"]
[Date "2023.07.11"]
[WhiteClock "0:00:03"]
[BlackClock "0:00:03"]
[Board "1"]

1. f3 d5 2. d4 c5 3. e4 e5 4. dxe5 d4 5. f4 g5 6. Bc4 gxf4 7. Qh5 Qe7 8. Bxf4 Be6 9. Na3 Nc6 10. Bg5 Qd7 11. Nf3 Nge7 12. Nb5 Ng6 13. Bxe6 fxe6 14. Bf6 Rg8 15. O-O Be7 16. Nd6+ Kd8 17. Qxh7 Kc7 18. Bxe7 Ncxe7 19. Nf7 Kb6 20. N3g5 Nc6 21. Qh3 Ngxe5 22. Nxe5 Nxe5 23. Qb3+ Ka6 24. Nxe6 b6 25. Nxc5+ bxc5 26. Rf6+ Nc6 27. Raf1 Rab8 28. Qd5 Qxd5 29. exd5 Rxb2 30. Rxc6+ Kb5 31. a4+ Kc4 32. d6 Rxc2 33. g3 Kd5 34. Ra6 Rd8 35. Rf5+ Ke4 36. Rf4+ Ke3 37. Rxa7 d3 38. Re7+ Kd2 39. d7 c4 40. Rd4 Kc3 41. Rd6 d2 42. Re3+ Kb2 43. Re8 Rxd7 44. Rxd7 Rc1+ 45. Kf2 d1=Q 46. Rxd1 Rxd1 47. Rb8+ Ka3 48. Rc8 Kb3 49. Ke3 c3 50. h4 Re1+ 51. Kf4 c2 52. h5 c1=Q+ 53. Rxc1 Rxc1 54. g4 Kxa4 55. h6 Kb5 56. Kf5 Rh1 57. g5 Kc6 58. Kg6 Kd6 59. Kh7 Ke6 60. g6 Rg1 61. g7 Kf7 62. Kh8 Rg6 63. Kh7 Rg5 64. g8=Q+ Rxg8 1/2-1/2


[Site "https://www.chess.com"]